[Event "ITA-ch U20 2017"]
[Site "Cosenza"]
[Date "2017.12.04"]
[Round "2"]
[White "Barp, Alberto"]
[Black "Di Benedetto, Edoardo"]
[Result "0-1"]
[ECO "E01"]
[WhiteElo "2281"]
[BlackElo "2217"]
[Annotator "NA"]
[PlyCount "132"]
[EventDate "2017.??.??"]
[EventType "tourn"]
[EventCountry "ITA"]
[SourceTitle "playchess.com"]
[Source "ChessBase"]
[SourceQuality "1"]
[TimeControl "40/6000+30:20/3000+30:900+30"]

1. d4 d5 2. c4 e6 3. Nf3 Nf6 4. g3 Bb4+ 5. Bd2 {E01: Catalan: Early deviations} Bd6 (5... Be7 6. Bg2 O-O 7. O-O Nbd7 8. Bc3 b6 9. cxd5 Nxd5 10. e4 Nxc3 11. Nxc3 Bb7 12. Re1 Re8 13. Qc2 c6 14. Rad1 Qc7 15. e5 Rad8 {0-1 (72) Ding,L (2774)-Carlsen,M (2837) Saint Louis 2017}) 6. Qc2 O-O 7. Nc3 c6 {LiveBook: 5 Games} 8. b3 Nbd7 9. Bf4 $146 ({Predecessor:} 9. Bg2 Re8 10. O-O dxc4 11. bxc4 e5 {1-0 (55) Garcia,J (2405)-Tong,T (2126) Ho Chi Minh City 2012}) 9... Bxf4 10. gxf4 Qa5 11. Bg2 Ne4 12. Rc1 f5 13. O-O h6 14. e3 b6 15. Qb2 Qb4 16. a3 Qe7 17. b4 Ba6 18. b5 cxb5 19. cxb5 Bb7 20. Na2 Rac8 21. Nb4 Nd6 22. Nc6 Bxc6 23. bxc6 Nb8 24. Ne5 Kh7 25. Qb4 Rc7 26. Rc2 Rfc8 27. Rfc1 g5 28. fxg5 hxg5 29. f4 g4 30. h3 gxh3 (30... g3 $14) 31. Bxh3 Rg8+ 32. Kh1 Na6 $2 (32... Rg7 $16 {is more resistant.}) 33. Qa4 Ne4 34. Bxf5+ ({Weaker is} 34. Qxa6 Qh4 $14) 34... exf5 35. Rh2+ Kg7 {[#]} 36. Rg1+ $1 ({Much less strong is} 36. Qxa6 $6 Kf8 $18) 36... Kf8 37. Rxg8+ Kxg8 38. Rg2+ Kh7 {[#]} 39. Rh2+ ({Don't play} 39. Qxa6 $6 Qh4+ 40. Kg1 Qe1+ 41. Qf1 Qxe3+ 42. Kh2 Kh8 $11) (39. Qc2 $1 $16) 39... Kg8 40. Qxa6 Qd8 41. Rg2+ Kh7 42. Rh2+ $2 (42. Kg1 $18 Qh4 43. Qf1) 42... Kg8 43. Kg1 Rg7+ 44. Kf1 $18 Nd6 45. Qa4 Ne4 46. Qb5 Ng3+ 47. Ke1 Ne4 48. Qf1 b5 49. Qd3 Rg1+ 50. Ke2 Qa5 51. Nf3 Ra1 52. Qb3 b4 53. Rg2+ Kh8 54. Rh2+ Kg7 55. Rg2+ Kf6 56. Ne5 Qb5+ 57. Qd3 Qxd3+ 58. Nxd3 Ra2+ 59. Kf3 Rxg2 60. Kxg2 bxa3 61. c7 Nd6 62. Nb4 Ke6 63. Kf2 a5 64. Na2 Kd7 65. Ke2 Kxc7 66. Kd3 Kc6 0-1

[Event "ITA-ch U20 2017"]
[Site "Cosenza"]
[Date "2017.12.04"]
[Round "2"]
[White "Formento, Paolo"]
[Black "Carnicelli, Valerio"]
[Result "0-1"]
[ECO "E94"]
[WhiteElo "2279"]
[BlackElo "2280"]
[Annotator "NA"]
[PlyCount "80"]
[EventDate "2017.??.??"]
[EventType "tourn"]
[EventCountry "ITA"]
[SourceTitle "playchess.com"]
[Source "ChessBase"]
[SourceQuality "1"]
[TimeControl "40/6000+30:20/3000+30:900+30"]

1. Nf3 Nf6 2. c4 g6 3. Nc3 Bg7 4. e4 d6 5. d4 O-O 6. Be2 Na6 {LiveBook: 2348 Games} 7. O-O e5 8. d5 Nc5 9. Qc2 a5 10. b3 Nh5 11. Bg5 {E94: King's Indian: Classical: 6 Be2 e5 7 0-0: Various Black 7th moves} f6 12. Be3 Nf4 13. Rad1 Nxe2+ $146 ({Predecessor:} 13... f5 14. Bxc5 dxc5 15. Bd3 Ra6 16. Rde1 Re8 17. Re3 Qd7 18. Rd1 Nxg2 19. Kxg2 {0-1 (27) Henley,R (2505)-Brooks,M (2385) New York 1989}) 14. Qxe2 b6 15. Nd2 f5 16. f3 f4 17. Bf2 h5 18. a3 Bd7 19. Rb1 Qe7 20. Rfc1 g5 21. b4 axb4 22. axb4 Na6 23. Nb5 g4 24. c5 ({White should play} 24. Ra1 $16) 24... bxc5 25. bxc5 g3 26. hxg3 fxg3 27. Bxg3 Bxb5 28. Rxb5 Nxc5 29. Bf2 Bh6 30. Bxc5 dxc5 31. Rbxc5 Ra7 (31... Bf4 $1 $11) 32. R1c2 Bf4 33. Nf1 Ra1 $1 34. Qf2 Qg5 35. R5c3 Rb8 36. Rb2 ({Don't go for} 36. Rxc7 $2 Be3 $19) 36... Rba8 37. d6 cxd6 38. Rcb3 $11 h4 39. Rb8+ Rxb8 40. Rxb8+ Kh7 0-1

[Event "ITA-ch U20 2017"]
[Site "Cosenza"]
[Date "2017.12.09"]
[Round "6"]
[White "Carnicelli, Valerio"]
[Black "Zamengo, Fulvio"]
[Result "1/2-1/2"]
[ECO "C11"]
[WhiteElo "2280"]
[BlackElo "2310"]
[Annotator "NA"]
[PlyCount "142"]
[EventDate "2017.??.??"]
[EventType "tourn"]
[EventCountry "ITA"]
[SourceTitle "playchess.com"]
[Source "ChessBase"]
[SourceQuality "1"]
[TimeControl "40/6000+30:20/3000+30:900+30"]

1. e4 e6 2. d4 d5 3. Nc3 Nf6 4. e5 Nfd7 5. f4 c5 6. Nf3 Nc6 7. Be3 a6 8. Qd2 b5 9. dxc5 Bxc5 10. Bd3 {C11: French: Classical System: 4 e5 and 4 Bg5 dxe4} (10. Ne2 O-O 11. Ned4 Qb6 12. c3 b4 13. Bd3 a5 14. O-O Ba6 15. Kh1 Bxd3 16. Qxd3 Qa6 17. Qc2 bxc3 18. bxc3 {½-½ (31) Dominguez Perez,L (2739)-So,W (2788) Saint Louis 2017}) 10... Qb6 11. Bf2 h6 12. O-O Bxf2+ 13. Rxf2 Nc5 14. Ne2 Bb7 $146 ({Predecessor:} 14... Ne4 15. Bxe4 dxe4 16. Nfd4 Bb7 17. c3 Rd8 {0-1 (36) Salem,A (2625)-Kostenko,P (2457) Tashkent 2016}) 15. Qe3 Rd8 16. Nfd4 Ne4 17. Rff1 O-O 18. Kh1 f6 19. exf6 Rxf6 20. c3 e5 21. fxe5 Nxe5 22. Bxe4 dxe4 23. Qg3 Rdf8 24. Rxf6 Qxf6 25. h3 Kh7 26. b3 Ng6 27. Kg1 Nh4 28. Qe3 Qg6 29. Qg3 Qxg3 30. Nxg3 e3 31. Rf1 Rxf1+ 32. Kxf1 g5 33. c4 bxc4 34. bxc4 Kg6 35. c5 Bxg2+ 36. Ke2 Bxh3 37. c6 Ng2 38. Kf3 Nf4 39. Kxe3 h5 40. Ke4 h4 41. Ngf5 Bxf5+ 42. Nxf5 Ne6 43. Ne7+ Kh5 44. Nd5 h3 45. Kf3 Nd4+ 46. Kg3 Nxc6 47. Kxh3 Nd4 48. Ne3 Ne2 49. a4 Nc3 50. a5 Ne4 51. Ng4 Kg6 52. Ne3 Nf6 53. Nc2 g4+ 54. Kg3 Kg5 55. Nb4 Nh5+ 56. Kg2 Nf4+ 57. Kg3 Nh5+ 58. Kg2 Kh4 59. Nd5 g3 60. Ne3 Ng7 61. Nf1 Nf5 62. Kf3 Nd4+ 63. Kg2 Nc6 64. Nxg3 Nxa5 65. Ne4 Nc6 66. Kf2 a5 67. Ke2 Kg4 68. Kd2 Kf4 69. Nd6 a4 $11 70. Kc3 Ke5 71. Nc4+ Ke4 1/2-1/2

[Event "ITA-ch U20 2017"]
[Site "Cosenza"]
[Date "2017.12.09"]
[Round "6"]
[White "Belli, Giorgio"]
[Black "Formento, Paolo"]
[Result "1/2-1/2"]
[ECO "B32"]
[WhiteElo "2241"]
[BlackElo "2279"]
[Annotator "NA"]
[PlyCount "100"]
[EventDate "2017.??.??"]
[EventType "tourn"]
[EventCountry "ITA"]
[SourceTitle "playchess.com"]
[Source "ChessBase"]
[SourceQuality "1"]
[TimeControl "40/6000+30:20/3000+30:900+30"]

1. e4 c5 2. Nf3 Nc6 3. d4 cxd4 4. Nxd4 e5 5. Nb5 d6 6. N1c3 a6 7. Na3 b5 8. Nd5 Nce7 9. Nxe7 Bxe7 10. c4 Nf6 11. cxb5 O-O 12. Bd3 d5 13. O-O Nxe4 14. Bxe4 dxe4 15. Be3 axb5 16. Nxb5 Ba6 17. Qxd8 Rfxd8 18. Nc7 Bxf1 19. Nxa8 Bd3 20. Nb6 f5 21. Rc1 f4 22. Bc5 Bg5 23. Re1 f3 24. Rd1 fxg2 25. b3 Kf7 26. Nc4 Ke6 27. Be3 Be7 28. Kxg2 Ra8 29. Nb2 Be2 30. Ra1 Ba3 31. Nc4 Bxc4 32. bxc4 Ra4 33. Rb1 Rxc4 34. Rb6+ Bd6 35. Rb7 Bc7 36. Ra7 Kd6 37. Kg3 Kc6 38. Kg4 g6 39. Kg5 Rb4 40. Kh6 Rb1 41. Kxh7 g5 42. Kg6 Rg1 43. Kf5 g4 44. Kxe4 Rg2 45. Ra6+ Kb5 46. Rh6 Ba5 47. Kxe5 Rxh2 48. Rxh2 Bc7+ 49. Kf5 Bxh2 50. Kxg4 Bg1 1/2-1/2

[Event "ITA-ch U20 2017"]
[Site "Cosenza"]
[Date "2017.12.10"]
[Round "7"]
[White "Zamengo, Fulvio"]
[Black "Belli, Giorgio"]
[Result "1-0"]
[ECO "C96"]
[WhiteElo "2310"]
[BlackElo "2241"]
[Annotator "NA"]
[PlyCount "63"]
[EventDate "2017.??.??"]
[EventType "tourn"]
[EventCountry "ITA"]
[SourceTitle "playchess.com"]
[Source "ChessBase"]
[SourceQuality "1"]
[TimeControl "40/6000+30:20/3000+30:900+30"]

1. e4 e5 2. Nf3 Nc6 3. Bb5 a6 4. Ba4 Nf6 5. O-O Be7 6. Re1 b5 7. Bb3 d6 8. c3 O-O 9. h3 Na5 10. Bc2 c5 11. d4 Qc7 12. Nbd2 Bd7 13. Nf1 Nc4 14. b3 Nb6 15. Ne3 c4 16. bxc4 Nxc4 17. Nxc4 bxc4 18. a4 a5 19. Be3 Rab8 20. Nd2 Rb2 21. Rb1 Ra2 22. d5 Qc8 23. Ra1 Rb2 24. Qc1 Rb8 25. Bd1 g5 26. Bxg5 Nxd5 27. Nf1 Nf6 28. Ng3 Re8 29. Bh4 Nd5 30. Bxe7 Nxe7 31. Nh5 Ng6 32. Qh6 1-0

[Event "ITA-ch U20 2017"]
[Site "Cosenza"]
[Date "2017.12.10"]
[Round "7"]
[White "Formento, Paolo"]
[Black "Barp, Alberto"]
[Result "1/2-1/2"]
[ECO "A09"]
[WhiteElo "2279"]
[BlackElo "2281"]
[Annotator "NA"]
[PlyCount "38"]
[EventDate "2017.??.??"]
[EventType "tourn"]
[EventCountry "ITA"]
[SourceTitle "playchess.com"]
[Source "ChessBase"]
[SourceQuality "1"]
[TimeControl "40/6000+30:20/3000+30:900+30"]

1. Nf3 d5 2. c4 d4 3. e3 Nc6 4. exd4 Nxd4 5. Nxd4 Qxd4 6. Nc3 c6 7. d3 Nh6 8. Be3 Qd8 9. d4 Nf5 10. Qd2 g6 11. Be2 Bg7 12. Rd1 O-O 13. O-O Qa5 $11 14. d5 Nxe3 15. Qxe3 Qb6 16. Rd2 Qxe3 17. fxe3 Bxc3 18. bxc3 Rd8 19. e4 cxd5 1/2-1/2

[Event "ITA-ch U20 2017"]
[Site "Cosenza"]
[Date "2017.12.10"]
[Round "7"]
[White "Montilli, Vincenzo"]
[Black "Benedetto, Edoardo"]
[Result "1/2-1/2"]
[ECO "A13"]
[WhiteElo "2247"]
[BlackElo "2217"]
[Annotator "NA"]
[PlyCount "33"]
[EventDate "2017.??.??"]
[EventType "tourn"]
[EventCountry "ITA"]
[SourceTitle "playchess.com"]
[Source "ChessBase"]
[SourceQuality "1"]
[TimeControl "40/6000+30:20/3000+30:900+30"]

1. c4 e6 2. Nf3 d5 3. g3 dxc4 4. Qa4+ Nd7 5. Qxc4 a6 6. Bg2 b5 7. Qc2 Bb7 8. O-O Ngf6 9. Nc3 c5 $11 {[%emt 0:01:00] LiveBook: 14 Games} 10. a4 Qb6 11. d3 Rc8 12. axb5 axb5 13. Qb3 b4 14. Na4 Qb5 15. Nc3 Qb6 16. Na4 Qb5 17. Nc3 1/2-1/2